Map: 2000 Atmospheres LE

Players

DnS

  • Race: Protoss Protoss

MarineLorD - Winner!

  • Race: Terran Terran
  • League: Master

Event: DreamHack SC2 Masters 2021 Fall

VOD

Have the link to the VOD?

Description

Time

  • Played on: July 29, 2021, 12:17 p.m.
  • Length: 11:02

All games in this series

Show
View Real Time Build Order
Export as new Build Order

DnS Protoss 

Build Orders: Oracle Opening, Colossus Rush 

Get SALT Encoding   

  12  0:00  Probe  
  13  0:12  Probe  
  14  0:17  Pylon  
  14  0:24  Probe (Chrono Boost)  
  15  0:36  Probe (Chrono Boost)  
  15  0:37  Gateway  
  16  0:44  Probe (Chrono Boost)  
  16  0:45  Assimilator  
  17  0:51  Probe  
  18  1:03  Probe  
  19  1:15  Probe  
  20  1:26  Cybernetics Core  
  20  1:48  Pylon  
  20  1:50  Nexus  
  20  1:53  Probe  
  21  1:58  Assimilator  
  21  2:03  Adept (Chrono Boost)  
  23  2:10  Probe  
  24  2:20  Stargate  
  24  2:23  Probe  
  24  2:29  Adept  
  27  2:35  Probe  
  28  2:40  Warp Gate  
  28  2:43  Pylon  
  28  2:47  Probe (Chrono Boost)  
  30  2:59  Probe (Chrono Boost)  
  30  3:01  Oracle (Chrono Boost)  
  30  3:05  Probe x2 (Chrono Boost)  
  35  3:15  Probe (Chrono Boost)  
  35  3:18  Probe (Chrono Boost)  
  37  3:21  Gateway  
  37  3:24  Adept  
  41  3:28  Probe (Chrono Boost)  
  41  3:30  Probe (Chrono Boost)  
  41  3:33  Probe (Chrono Boost)  
  41  3:36  Robotics Facility  
  41  3:40  Probe  
  43  3:44  Probe  
  44  3:49  Assimilator  
  44  3:52  Assimilator, Probe  
  45  3:55  Oracle  
  45  3:56  Probe  
  45  4:02  Shield Battery  
  49  4:04  Probe  
  49  4:08  Probe  
  51  4:16  Probe  
  52  4:20  Probe  
  52  4:23  Robotics Bay  
  53  4:28  Probe  
  54  4:33  Pylon  
  54  4:39  Pylon  
  54  4:41  Pylon  
  54  4:51  Probe  
  54  4:52  Sentry, Stalker  
  59  4:55  Immortal (Chrono Boost)  
  63  5:02  Probe  
  63  5:03  Probe  
  65  5:20  Adept x2  
  69  5:21  Colossus (Chrono Boost)  
  69  5:23  Probe  
  69  5:25  Pylon  
  76  5:32  Probe  
  77  5:39  Probe  
  78  5:43  Nexus, Phoenix  
  78  5:45  Pylon  
  80  5:51  Sentry, Stalker  
  80  5:52  Probe  
  80  5:54  Extended Thermal Lance  
  80  5:56  Twilight Council  
  85  5:58  Forge  
  79  6:13  Colossus (Chrono Boost)  
  85  6:19  Probe  
  86  6:26  Probe  
  86  6:31  Probe  
  88  6:33  Nexus  
  88  6:37  Sentry  
  88  6:38  Zealot  
  92  6:42  Blink  
  86  6:48  Gateway x2  
  86  6:52  Shield Battery  
  78  6:58  Gateway x2  
  74  7:01  Gateway  
  74  7:02  Colossus (Chrono Boost)  
  74  7:04  Zealot x2  
  74  7:07  Probe x2  
  86  7:15  Pylon  
  86  7:19  Protoss Ground Weapons Level 1  
  86  7:25  Sentry x2  
  86  7:27  Probe  
  82  7:43  Colossus  
  80  7:51  Probe x2  
  76  7:56  Stalker  
  76  7:58  Probe  
  79  7:59  Zealot x5  
  79  8:03  Probe x2  
  88  8:10  Probe  
  89  8:15  Probe  
  89  8:17  Probe  
  90  8:20  Pylon  
  90  8:22  Probe  
  91  8:27  Probe  
  91  8:29  Probe  
  91  8:34  Stalker x4  
  90  8:49  Shield Battery, Sentry x2  
  90  8:52  Probe x2  
  92  9:01  Probe  
  93  9:04  Probe x2  
  95  9:11  Colossus (Chrono Boost)  
  95  9:13  Probe  
  95  9:16  Probe  
  103  9:18  Stalker x2  
  103  9:19  Probe  
  102  9:28  Probe  
  102  9:29  Stalker  
  100  9:42  Zealot x3  
  103  9:54  Probe x2  
  105  10:00  Forge  
  105  10:01  Forge  
  105  10:07  Stalker  
  105  10:18  Probe x3  
  101  10:23  Stalker x3  
  107  10:36  Stalker x2  
  107  10:37  Stalker  
Show
View Real Time Build Order
Export as new Build Order

MarineLorD Terran - Winner!

Build Orders:  

Get SALT Encoding   

  12  0:00  SCV  
  13  0:12  SCV  
  14  0:16  Supply Depot  
  14  0:24  SCV  
  15  0:38  SCV  
  15  0:40  Barracks  
  16  0:44  Refinery  
  16  0:50  SCV  
  17  1:02  SCV  
  17  1:03  Engineering Bay  
  18  1:14  SCV  
  19  1:27  Orbital Command  
  19  1:28  Barracks Reactor  
  19  1:40  Engineering Bay  
  19  1:47  Command Center  
  19  1:53  Supply Depot  
  19  1:56  SCV  
  20  2:04  Marine x2  
  23  2:08  SCV  
  23  2:13  Barracks  
  23  2:20  SCV  
  23  2:22  Marine x2  
  26  2:29  Barracks  
  26  2:32  SCV  
  27  2:40  Marine x2  
  27  2:42  Bunker  
  29  2:44  SCV  
  30  2:57  SCV  
  31  3:00  Orbital Command  
  31  3:03  Barracks Tech Lab  
  31  3:09  Marine x2, SCV  
  34  3:17  Barracks Tech Lab  
  34  3:21  Marine, SCV  
  34  3:22  Stimpack  
  34  3:26  SCV, Supply Depot  
  37  3:32  Marine x2  
  37  3:33  SCV  
  40  3:36  Marine  
  40  3:38  SCV  
  40  3:39  Refinery  
  42  3:43  Combat Shield  
  42  3:45  SCV  
  43  3:48  Marine  
  43  3:49  Marine  
  43  3:50  Marine, SCV  
  43  3:55  Marine  
  48  3:58  SCV  
  48  4:01  Supply Depot  
  48  4:02  SCV  
  50  4:05  Supply Depot  
  50  4:08  Marine x2  
  50  4:09  Marine  
  53  4:11  SCV  
  53  4:16  SCV  
  54  4:18  Marine  
  54  4:20  Factory  
  54  4:25  Engineering Bay  
  54  4:26  Marine x2  
  54  4:29  Marine  
  57  4:32  SCV x2  
  57  4:36  Supply Depot  
  57  4:37  Marine  
  60  4:44  SCV x2, Supply Depot  
  62  4:46  Marine x2  
  64  4:55  Supply Depot, Terran Infantry Weapons Level 1  
  64  4:56  SCV x2  
  64  4:57  Marine x2  
  68  5:03  Marine  
  67  5:07  Marine  
  67  5:08  SCV  
  67  5:09  SCV  
  67  5:12  Refinery  
  66  5:15  Marine, Factory Reactor, Starport  
  66  5:18  Marine, Concussive Shells  
  66  5:20  SCV  
  69  5:21  Missile Turret  
  69  5:24  Missile Turret  
  68  5:28  SCV  
  68  5:30  Marine x2  
  72  5:35  Marauder  
  72  5:37  Marauder  
  74  5:44  Refinery  
  74  5:48  Marine x2  
  76  5:55  Barracks  
  76  5:57  Supply Depot, Barracks  
  76  6:00  Factory Reactor  
  76  6:02  Medivac x2  
  76  6:04  Marauder x2  
  78  6:13  Marine x2  
  78  6:16  SCV x2  
  81  6:27  Command Center  
  81  6:31  Marine x2, Marauder x2  
  81  6:32  Medivac  
  89  6:35  Medivac  
  85  6:51  Marine  
  85  6:52  SCV, Marauder  
  88  6:58  SCV, Widow Mine x2  
  93  7:02  Medivac  
  93  7:04  SCV  
  93  7:05  Medivac  
  93  7:07  Terran Infantry Armor Level 1  
  98  7:09  Marine x2  
  98  7:10  Marauder  
  98  7:14  Supply Depot  
  98  7:15  Supply Depot x2, Barracks Tech Lab  
  102  7:16  Barracks Reactor  
  102  7:36  Marine x3, SCV x2, Medivac, Marauder x2  
  101  7:48  SCV x2  
  100  7:52  Medivac  
  100  7:53  Marine x3  
  100  7:58  Marauder x2  
  107  8:00  Marine x2, SCV x2  
  111  8:06  Medivac  
  111  8:12  SCV x2, Marauder  
  117  8:17  Marine x2  
  117  8:19  Marauder x2  
  122  8:22  Medivac  
  122  8:24  SCV x2, Orbital Command  
  120  8:28  Marine x2  
  120  8:33  Widow Mine, Marauder  
  126  8:36  Medivac  
  126  8:40  Marauder  
  128  8:43  Marauder  
  128  8:46  Marine  
  130  8:55  Marauder  
  128  8:57  Marine x2  
  128  9:01  SCV  
  128  9:02  SCV, Marauder  
  134  9:05  Refinery x2, Supply Depot x2  
  134  9:06  Widow Mine  
  134  9:09  Liberator x2  
  137  9:11  Marine, SCV  
  137  9:12  Marauder  
  141  9:27  SCV, Marauder x2  
  140  9:33  Marine x3, Marauder  
  145  9:40  Marine  
  144  9:48  Marauder x2  
  144  9:50  Marine  
  144  9:51  Armory, Engineering Bay  
  144  9:52  Marine  
  147  9:53  Ghost Academy  
  147  9:55  Marauder  
  147  9:57  Liberator x2  
  147  9:58  Widow Mine  
  157  10:00  Command Center  
  157  10:04  Supply Depot  
  157  10:05  Supply Depot  
  157  10:15  Marine x2  
  157  10:17  Marine  
  157  10:18  Marine x2  
  156  10:22  Marauder  
  156  10:25  Marauder  
  156  10:26  Widow Mine x2  
  160  10:33  Marine x2  
  160  10:34  Marine  
  163  10:36  Marauder  
  163  10:38  Marine  

Tags
 
Add a new tag
Caveats
  • Supply blocks, unpowered buildings, or Contaminate may cause inaccurate times.
  • Supply counts are checked every 10 seconds.